 Dungeon Crawl Stone Soup version 0.31-a0-182-gc5ef74bbde (webtiles) character file.

Game seed: 8223745701987487690

714 qw the Chopper (level 7, -1/44 HPs)
             Began as a Gargoyle Fighter on June 20, 2023.
             Was an Initiate of Okawaru.
             Slain by an ogre
             ... wielding a +0 giant spiked club
              (16 damage)
             ... on level 5 of the Dungeon.
             The game lasted 00:02:25 (4140 turns).

qw the Chopper (Gargoyle Fighter)                   Turns: 4140, Time: 00:02:25

Health: -1/44      AC: 19    Str: 22    XL:     7   Next: 69%
Magic:  7/7        EV:  6    Int:  8    God:    Okawaru [......]
Gold:   122        SH:  4    Dex:  9    Spells: 6/6 levels left

rFire   . . .        Y - +0 war axe
rCold   . . .        c - +0 buckler
rNeg    + . .        k - +0 plate armour
rPois   inf          b - +0 helmet
rElec   +            (no cloak)
rCorr   .            i - +1 pair of gloves
SInv    .            (no boots)
Will    .....        (no amulet) Stlth
                     (no ring)
HPRegen 0.27/turn    (no ring)
MPRegen 0.10/turn

%: no passive effects
@: no status effects
A: sickness immunity, AC +4, negative energy resistance 1, electricity
resistance, torment resistance 1, petrification resistance
a: Renounce Religion


You were on level 5 of the Dungeon.
You worshipped Okawaru.
Okawaru was noncommittal.
You visited 2 branches of the dungeon, and saw 6 of its levels.
You also visited: Ossuary.

You collected 212 gold pieces.
You spent 90 gold pieces at shops.


Innate Abilities, Weirdness & Mutations

You are immune to sickness and miasma.
Your stone body is resilient. (AC +4)
You are immune to poison.
You resist negative energy. (rN+)
You are resistant to electric shocks. (rElec)
You are resistant to unholy torment.
You are immune to petrification.


   Skills:
 - Level 4.6 Fighting
 + Level 6.9 Axes
 - Level 4.0 Armour
 - Level 3.2 Shields


You had 6 spell levels left.
You didn't know any spells.
Your spell library was empty.

Inventory:

Hand Weapons
 m - a +0 mace
 Y - a +0 war axe (weapon)
Armour
 b - a +0 helmet (worn)
 c - a +0 buckler (worn)
 i - a +1 pair of gloves (worn)
 k - a +0 plate armour (worn)
Jewellery
 f - a ring of ice
Wands
 p - a wand of digging (5)
Scrolls
 g - 3 scrolls of identify
 o - a scroll of teleportation
Potions
 a - 5 potions of curing
 d - 2 potions of might
 e - a potion of attraction
 h - 4 potions of haste
 j - 3 potions of mutation
 l - a potion of cancellation
 n - a potion of lignification
 q - a potion of magic

Dungeon Overview and Level Annotations

Branches:
Dungeon (5/15)             Temple (1/1) D:4         Ossuary (visited)

Altars:
Ashenzari
Dithmenos
Elyvilon
Fedhas
Gozag
Hepliaklqana
Kikubaaqudgha
Makhleb
Nemelex Xobeh
Okawaru
Qazlal
Ru
Trog
Uskayaw
Vehumet
Wu Jian
Xom
Yredelemnul
Zin
The Shining One

Shops:
D:2 !


Message History

Enter note:
Enter note:
Enter note:
Enter note:
Enter note:
Enter note:
Enter note:
Enter note:
Enter note:
Enter note:
Enter note:
Enter note:
Enter note:
Enter note: Done exploring.
(D) Dungeon (T) Temple
Where to? (* - list waypoints, Enter - D:4, ? - help)
What level of the Dungeon? (default 1, ? - help)
There is an open door here.
There is a stone staircase leading down here.
You climb downwards.
There is a stone staircase leading up here.
Waypoint 6 assigned to D:5.
Found a ring mail.
Found a stone staircase leading up.
Found a book of Changes.
An ogre comes into view. It is wielding a +0 giant spiked club.
The ogre shouts!
The ogre hits you with a +0 giant spiked club!
You slash the ogre!
The ogre is heavily wounded.
You hit the ogre.
The ogre is severely wounded.
The ogre hits you with a +0 giant spiked club.
You hit the ogre.
The ogre is severely wounded.
The ogre hits you with a +0 giant spiked club!
You hit the ogre.
The ogre is almost dead.
The ogre hits you with a +0 giant spiked club!
You die...

#.......# #.....#
#<....#
#.....###. ###
##.#...... ##.#
##.#..####
###..###......##
#...#............
#.@##.........<##
#..:O.........###
#..............#
#............###
##..###...[....
... ##........
.... ##..##...
..... ...


You could see an ogre.

Vanquished Creatures
  An ice beast (D:3)
  A phantom (D:4)
  A scorpion (D:4)
  2 water moccasin zombies (Ossuary)
  2 orc priests
  Ijyb (D:4)
  An iguana (D:4)
  An orc wizard (D:3)
  2 mummies (Ossuary)
  Robin (D:4)
  A gnoll (D:1)
  3 adders
  9 adder zombies (Ossuary)
  2 worms (D:2)
  A dart slug (D:2)
  7 orcs
  10 bats
  9 endoplasms
  4 giant cockroaches
  18 goblins
  7 hobgoblins
  3 jackals (D:3)
  3 quokkas
  9 ball pythons
  A frilled lizard (D:1)
  7 gnoll zombies (Ossuary)
  7 hobgoblin zombies (Ossuary)
  15 kobolds
  4 kobold zombies (Ossuary)
  5 orc zombies (Ossuary)
  3 rats
141 creatures vanquished.

Notes
Turn   | Place    | Note
-------+----------+-------------------------------------------
     0 | D:1      | qw the Gargoyle Fighter began the quest for the Orb.
     0 | D:1      | Reached XP level 1. HP: 14/14 MP: 1/1
     0 | D:1      | 0 ||| qw: Version: 0.3-a-9-g12657ce
     0 | D:1      | 0 ||| qw: Game counter: 1388
     0 | D:1      | 0 ||| qw: Always use a shield: true
     0 | D:1      | 0 ||| qw: God list: Okawaru
     0 | D:1      | 0 ||| qw: Allow faded altars: false
     0 | D:1      | 0 ||| qw: Do Orc after D:15 true
     0 | D:1      | 0 ||| qw: Do second Lair branch before Depths: true
     0 | D:1      | 0 ||| qw: Lair rune preference: random
     0 | D:1      | 0 ||| qw: Plans: Normal, Zot:1-4, Slime:5, God:TSO, Crypt,
                  | Tomb, Abyss, Pan, Hells, Win
     0 | D:1      | 0 ||| PLANNING D:1-11
    38 | D:1      | Reached skill level 2 in Axes
    38 | D:1      | Reached XP level 2. HP: 14/19 MP: 2/2
   115 | D:1      | 115 ||| Stepping ~*~*~tactically~*~*~ (hiding).
   344 | D:1      | 344 ||| Stepping ~*~*~tactically~*~*~ (water).
   380 | D:1      | Reached skill level 3 in Axes
   409 | D:1      | Reached XP level 3. HP: 23/23 MP: 3/3
   433 | D:1      | 433 ||| Stepping ~*~*~tactically~*~*~ (stealth).
   857 | D:1      | 857 ||| UPGRADING to +0 pair of gloves.
   862 | D:1      | 862 ||| UPGRADING to +0 plate armour.
   872 | D:1      | 872 ||| DROPPING +0 scale mail.
   873 | D:1      | 873 ||| READING scroll labelled OQUOLEFUGE.
   878 | D:1      | 878 ||| READING 2 scrolls labelled BOPPIEM MUES.
   933 | D:2      | 933 ||| Stepping ~*~*~tactically~*~*~ (stealth).
  1013 | D:2      | Reached XP level 4. HP: 25/28 MP: 4/4
  1074 | D:2      | Found a glowing golden altar of the Shining One.
  1127 | D:2      | Found a faded altar of an unknown god.
  1213 | D:2      | Reached skill level 4 in Axes
  1261 | D:2      | Found Naodos's Distillery.
  1284 | D:2      | 1284 ||| BUYING potion of attraction (30 gold).
  1284 | D:2      | Bought a potion of attraction for 30 gold pieces
  1284 | D:2      | 1284 ||| BUYING potion of curing (30 gold).
  1284 | D:2      | Bought a potion of curing for 30 gold pieces
  1284 | D:2      | 1284 ||| BUYING potion of curing (30 gold).
  1284 | D:2      | Bought a potion of curing for 30 gold pieces
  1284 | D:2      | 1284 ||| SHOPLISTING potion of heal wounds (50 gold, have
                  | 5).
  1284 | D:2      | 1284 ||| SHOPLISTING potion of might (40 gold, have 5).
  1284 | D:2      | 1284 ||| SHOPLISTING potion of mutation (80 gold, have 5).
  1633 | D:2      | 1633 ||| READING scroll labelled ELEMID ZYFRODO.
  1634 | D:2      | 1634 ||| READING scroll labelled DEKUDOD GEPPES.
  1635 | D:2      | 1635 ||| DRINKING 2 red potions.
  1636 | D:2      | 1636 ||| DROPPING potion of brilliance.
  1668 | D:3      | 1668 ||| Stepping ~*~*~tactically~*~*~ (hiding).
  1669 | D:3      | 1669 ||| Stepping ~*~*~tactically~*~*~ (hiding).
  1670 | D:3      | 1670 ||| Stepping ~*~*~tactically~*~*~ (hiding).
  1671 | D:3      | 1671 ||| Stepping ~*~*~tactically~*~*~ (hiding).
  1751 | D:3      | Noticed an ice beast
  1763 | D:3      | Reached XP level 5. HP: 28/32 MP: 5/5
  1765 | D:3      | Killed an ice beast
  1766 | D:3      | Reached skill level 5 in Axes
  1766 | D:3      | 1766 ||| FLEEEEING.
  1767 | D:3      | 1767 ||| FLEEEEING.
  1768 | D:3      | 1768 ||| FLEEEEING.
  1769 | D:3      | 1769 ||| FLEEEEING.
  1770 | D:3      | 1770 ||| FLEEEEING.
  1788 | D:3      | Reached XP level 6. HP: 27/38 MP: 6/6
  1841 | D:3      | 1841 ||| DROPPING +0 whip.
  2013 | D:3      | 2013 ||| Stepping ~*~*~tactically~*~*~ (stealth).
  2159 | D:3      | Identified the +3 leather armour of Okawaru, Keeping {rElec
                  | rC+ Int+6 Dex-4}
  2543 | D:3      | 2543 ||| READING scroll labelled IZADDU GUQIEG.
  2544 | D:3      | 2544 ||| READING 3 scrolls of identify.
  2544 | D:3      | 2544 ||| IDENTIFYING dark potion
  2545 | D:3      | 2545 ||| READING 2 scrolls of identify.
  2545 | D:3      | 2545 ||| IDENTIFYING smoky black potion
  2557 | D:4      | 2557 ||| PLANNING OSSUARY
  2612 | D:4      | Noticed Ijyb
  2626 | D:4      | Killed Ijyb
  2678 | D:4      | Noticed Robin
  2699 | D:4      | Killed Robin
  2762 | D:4      | Found a staircase to the Ecumenical Temple.
  2819 | D:4      | 2819 ||| READING scroll of enchant armour.
  2819 | D:4      | 2819 ||| ENCHANTING +0 pair of gloves.
  2862 | D:4      | Found a sand-covered staircase.
  2863 | D:4      | 2863 ||| UPGRADING to +0 helmet.
  2873 | Ossuary  | Entered an ossuary
  2970 | Ossuary  | Reached skill level 6 in Axes
  2992 | Ossuary  | Reached XP level 7. HP: 43/44 MP: 7/7
  3171 | Ossuary  | 3171 ||| READING scroll labelled UNKINIULOE.
  3172 | Ossuary  | 3172 ||| DRINKING 2 glowing silvery potions.
  3216 | Ossuary  | 3216 ||| DRINKING 3 yellow potions.
  3321 | Ossuary  | 3321 ||| READING 3 scrolls of identify.
  3321 | Ossuary  | 3321 ||| IDENTIFYING orange potion
  3322 | Ossuary  | 3322 ||| READING 2 scrolls of identify.
  3322 | Ossuary  | 3322 ||| IDENTIFYING fuming amethyst potion
  3323 | Ossuary  | 3323 ||| DROPPING 2 potions of berserk rage.
  3331 | D:4      | 3331 ||| PLANNING TEMPLE
  3361 | Temple   | Entered the Ecumenical Temple
  3518 | Temple   | 3518 ||| PLANNING OKAWARU WORSHIP
  3531 | Temple   | Became a worshipper of Warmaster Okawaru
  3532 | Temple   | 3532 ||| PLANNING D:1-11
  4121 | D:5      | Entered Level 5 of the Dungeon
  4140 | D:5      | Slain by an ogre

Levels and vault maps discovered:
D:1:      minmay_arrival_four_loops, layout_loops_ring, fountainhead
D:2:      layout_basic, dreamdust_ecumenical_altar_angels_and_demons,
          serial_shops, shop, basic_altar, minmay_goblin_kobold_house
D:3:      layout_basic
D:4:      layout_gridville, minmay_temple_entry_ruins,
          nicolae_ossuary_entry_plus, uniq_robin, uniq_ijyb
D:5:      layout_cave_pools, uniq_eustachio, uniq_crazy_yiuf_cottage
Temple:   nicolae_temple_slightly_damp_pantheon

Skill      XL: |  1  2  3  4  5  6  7 |
---------------+----------------------+-----
Axes           | 2 3 4 5 6 |  6.9
Fighting       | 4 |  4.6
Armour         | 4 |  4.0
Shields        | |  3.2

Action                     |  1- 3 |  4- 6 |  7- 9 || total
---------------------------+-------+-------+-------++-------
  Melee: War axe           |   102 |   223 |   103 ||   428
    Use: Scroll            |     2 |     6 |     3 ||    11
         Potion            |       |     1 |     2 ||     3
 Armour: Scale mail        |    46 |       |       ||    46
         Plate armour      |    19 |   139 |    48 ||   206
  Dodge: Dodged            |    42 |    65 |    27 ||   134
  Block: Buckler           |    23 |    31 |    19 ||    73

Table legend:
 A = Non-vault XP
 B = Vault XP
 C = Vault XP percentage of total XP
 D = Non-vault monster count
 E = Vault monster count
 F = Vault count percentage of total count
                 A         B        C        D         E       F
            +---------+---------+-------+---------+---------+-------
      Total |     667 |     354 |  34.7 |      84 |      57 |  40.4
            +---------+---------+-------+---------+---------+-------
        D:1 |      62 |       0 |   0.0 |      28 |       0 |   0.0
        D:2 |      64 |      10 |  13.5 |      18 |       7 |  28.0
        D:3 |     236 |       0 |   0.0 |      20 |       0 |   0.0
        D:4 |     305 |      73 |  19.3 |      18 |      14 |  43.8
    Ossuary |       0 |     271 | 100.0 |       0 |      36 | 100.0
            +---------+---------+-------+---------+---------+-------
